 Dungeon Crawl Stone Soup version 0.17-a0-2127-g1cb09f6 (webtiles) character file.

198 tp1 the Magician (level 5, -8/28 HPs)
             Began as a Deep Elf Conjurer on Oct 23, 2015.
             Mangled by an ogre
             ... wielding a +0 giant club
              (25 damage)
             ... on level 4 of the Dungeon.
             The game lasted 00:14:32 (5814 turns).

tp1 the Magician (Deep Elf Conjurer)                Turns: 5814, Time: 00:14:32

Health: -8/28      AC:  7    Str:  5    XL:     5   Next: 47%
Magic:  10/15      EV: 13    Int: 21    God:
Gold:   102        SH:  0    Dex: 15    Spells: 4 memorised, 5 levels left

rFire  . . .     SeeInvis .     x - +1 quarterstaff (protect)
rCold  . . .     Clarity  +     a - +0 robe
rNeg   . . .     SustAt   .     (no shield)
rPois  .         Gourm    .     (no helmet)
rElec  .         Spirit   .     (no cloak)
rCorr  .         Warding  .     (no gloves)
rMut   .         Stasis   .     (no boots)
MR     .....                    v - amulet of clarity
Stlth  ++........               (no ring)
                                (no ring)

@: not resistant to hostile enchantments, unstealthy
A: no striking features
a: no special abilities


You were on level 4 of the Dungeon.
You were not hungry.

You visited 1 branch of the dungeon, and saw 4 of its levels.

You collected 102 gold pieces.

Inventory:

Hand Weapons
 j - a +0 dagger
 x - a +1 quarterstaff of protection (weapon)
Armour
 a - a +0 robe (worn)
Jewellery
 v - an amulet of clarity (around neck)
Scrolls
 d - 2 scrolls of fear {unknown}
 e - 3 scrolls of remove curse {unknown}
 f - 2 scrolls of fog {unknown}
 l - a scroll of teleportation {unknown}
 n - a scroll of random uselessness {unknown}
 o - a scroll of amnesia {unknown}
 q - a scroll of magic mapping {unknown}
 r - a scroll of recharging {unknown}
 s - 2 scrolls of identify {unknown}
 t - 3 scrolls of blinking {unknown}
Potions
 g - a potion of mutation {unknown}
 h - 2 potions of flight {unknown}
 k - a potion of agility {unknown}
 p - 2 potions of heal wounds {unknown}
 w - a potion of resistance {unknown}
 z - a potion of ambrosia {unknown}
Books
 b - a book of Conjurations

   Spells                             Type                      Level
   a - Magic Dart                     Conjuration                  1
   b - Searing Ray                    Conjuration                  2
   c - Dazzling Spray                 Conjuration/Hexes            3
   d - Fulminant Prism                Conjuration/Hexes            4
   e - Iskenderun's Mystic Blast      Conjuration                  4
   f - Iskenderun's Battlesphere      Conjuration/Charms           5
Comestibles
 c - 3 fruits
 i - 3 beef jerkies
 m - 2 bread rations
 u - a meat ration


   Skills:
 - Level 2.4 Dodging
 - Level 2.4 Stealth
 - Level 6.0 Spellcasting
 - Level 6.0 Conjurations
 + Level 0.0 Charms


You had 5 spell levels left.
You knew the following spells:

 Your Spells              Type           Power        Failure   Level  Hunger
a - Magic Dart            Conj           ####         1%          1    None
b - Searing Ray           Conj           ####..       1%          2    None
c - Dazzling Spray        Conj/Hex       ###.....     10%         3    ##.....
d - Iskenderun's Battles  Conj/Chrm      ###.....     78%         5    #####..


Dungeon Overview and Level Annotations

Branches:
Dungeon (4/15)
 Temple: D:4-7

Altars:
Ru

Shops:
D:4 }


Message History

Aim: an ogre, wielding a giant club The magic dart hits the ogre.
The ogre is lightly wounded.
Casting: Magic Dart
Confirm with . or Enter, or press ? or * to list all spells.
Aiming: Searing Ray
Press: ? - help, Shift-Dir - straight line, f/p - ogre
Aim: an ogre, wielding a giant club (lightly wounded)
The searing ray hits the ogre.
The ogre is moderately wounded.
Casting: Searing Ray
Confirm with . or Enter, or press ? or * to list all spells.
Aiming: Searing Ray
Press: ? - help, Shift-Dir - straight line, f/p - ogre
Aim: an ogre, wielding a giant club (moderately wounded)
The searing ray hits the ogre.
The ogre is heavily wounded.
The ogre hits you with a giant club!!
Ouch! That really hurt!
You die...

#########.#
#......##.########
#......'.........#
#......##.######.#
.......##.# #.#
.###.####.# #.#
...#.# #.# #.#
...#.# #.# #.#
.(##.####.######@#
..(............O>#
...#........######
...##.......#
...##.......#
...##.).....#
..O##.......#
...##.(.....#
....#####.###


You could see an ogre.

Vanquished Creatures
  An orc priest (D:3)
  A worker ant (D:4)
  A gnoll (D:4)
  5 adders
  2 oozes
  2 worms (D:2)
  4 giant geckos
  6 orcs
  3 giant cockroaches (D:2)
  8 hobgoblins
  6 kobolds
  A quokka (D:3)
  A ball python (D:3)
  10 bats
  4 giant newts
  4 goblins
  10 rats
69 creatures vanquished.

Notes
Turn   | Place    | Note
--------------------------------------------------------------
     0 | D:1      | tp1 the Deep Elf Conjurer began the quest for the Orb.
     0 | D:1      | Reached XP level 1. HP: 10/10 MP: 6/6
   422 | D:1      | Reached XP level 2. HP: 15/15 MP: 6/9
   466 | D:1      | Learned a level 2 spell: Searing Ray
  1427 | D:1      | Reached skill level 5 in Spellcasting
  1427 | D:1      | Reached XP level 3. HP: 19/19 MP: 6/11
  3515 | D:3      | Reached XP level 4. HP: 24/24 MP: 6/13
  3619 | D:3      | Reached skill level 6 in Spellcasting
  3685 | D:3      | Reached skill level 5 in Conjurations
  4125 | D:3      | Learned a level 3 spell: Dazzling Spray
  4638 | D:4      | Found a sacrificial altar of Ru.
  4939 | D:4      | Found Anoeriw's Gadget Emporium.
  4997 | D:4      | Reached XP level 5. HP: 28/28 MP: 11/15
  5004 | D:4      | Learned a level 5 spell: Iskenderun's Battlesphere
  5603 | D:4      | Found Anoeriw's Gadget Emporium.
  5796 | D:4      | Noticed an ogre
  5814 | D:4      | Mangled by an ogre

Vault maps used:
D:1:      minmay_arrival_open_corners, grunt_decor_clamped, minivault_25
D:2:      serial_aquarium, aquarium_bridge_straight,
          aquarium_bridge_island_small, aquarium_window_1,
          aquarium_window_corner, aquarium_view_2e, aquarium_view_2f,
          aquarium_pool_S
D:3:      first_bread
D:4:      lemuel_round_altar, kennysheep_windowed_goal

Action                   |  1- 3 |  4- 6 || total
-------------------------+-------+-------++-------
Melee: Unarmed           |    18 |       ||    18
       Quarterstaff      |       |     2 ||     2
 Cast: Magic Dart        |    87 |    76 ||   163
       Searing Ray       |       |     6 ||     6
       Dazzling Spray    |       |     1 ||     1
 Stab: Sleeping          |     1 |       ||     1
  Eat: Chunk             |     2 |     8 ||    10
       Bread ration      |     1 |       ||     1
